A- WEST
LANCASTER JETHAWKS @ VISALIA RAWHIDE
05/16/2042
 
TOP OF THE 1ST
Lancaster Jethawks batting - Pitching for Visalia Rawhide : RHP Jon Brown
Pitching: RHP Jon Brown
Batting: RHB Chris Joyce 0-0: Ball
1-0: Called Strike
1-1: SINGLE (Line Drive, 8RS, EV 96.3 MPH)
Batting: RHB Pat Haynes 0-0: Ball
1-0: Foul Ball, location: 2F
1-1: Ball
2-1: Foul Ball, location: 3FF
2-2: Foul Ball, location: 3DF
2-2: SINGLE (Flyball, 3D, EV 91.9 MPH)
Chris Joyce to second
Chris Joyce to third
Batting: LHB Monte Moore 0-0: Foul Ball, location: 23FF
0-1: Ball
1-1: Fielders Choice at 2nd, 6-4 (Groundball, 6, EV 110.0 MPH)
Chris Joyce scores
Batting: RHB Sergio Pérez 0-0: Ball
1-0: Called Strike
1-1: Foul Ball, location: 2F
1-2: Ball
2-2: Ball
3-2: Foul Ball, location: 7LMF
3-2: Foul Ball, location: 5DF
3-2: Ground out 6-3 (Groundball, 6, EV 81.9 MPH)
Monte Moore to second
Batting: RHB Jeremy Scott 0-0: Ball
1-0: Fly out, F9 (Flyball, 9D, EV 105.0 MPH)
Top of the 1st over - 1 run, 2 hits, 0 errors, 1 left on base; Lancaster 1 - Visalia 0
BOTTOM OF THE 1ST
Visalia Rawhide batting - Pitching for Lancaster Jethawks : LHP Andy Adkins
Pitching: LHP Andy Adkins
Batting: LHB Mike Washington 0-0: Called Strike
0-1: Called Strike
0-2: Strikes out swinging
Batting: RHB Tim Weber 0-0: Called Strike
0-1: Ground out 2-3 (Groundball, 13S, EV 68.1 MPH)
Batting: RHB Toby Jones 0-0: Ball
1-0: Foul Ball, location: 23F
1-1: Foul Ball, location: 2F
1-2: Foul Ball, location: 2F
1-2: Ball
2-2: Foul Ball, location: 3F
2-2: Ball
3-2: Foul Ball, location: 2F
3-2: DOUBLE (Line Drive, 7LM, EV 106.3 MPH)
Batting: RHB Chris White 0-0: Ball
1-0: Ball
2-0: Swinging Strike
2-1: Ball
3-1: Base on Balls
Batting: RHB Mariano Pérez 0-0: Swinging Strike
0-1: Ball
1-1: Ball
2-1: Foul Ball, location: 2F
2-2: Strikes out swinging
Bottom of the 1st over - 0 runs, 1 hit, 0 errors, 2 left on base; Lancaster 1 - Visalia 0
TOP OF THE 2ND
Lancaster Jethawks batting - Pitching for Visalia Rawhide : RHP Jon Brown
Batting: SHB Jesús Coronado 0-0: Fly out, F9 (Flyball, 89M, EV 89.4 MPH)
Batting: LHB Quentin Jacobs 0-0: Ground out U3 (Groundball, 34, EV 88.1 MPH)
Batting: SHB Jorge Sánchez 0-0: Foul Ball, location: 2F
0-1: Called Strike
0-2: Ball
1-2: Strikes out swinging
Top of the 2nd over - 0 runs, 0 hits, 0 errors, 0 left on base; Lancaster 1 - Visalia 0
BOTTOM OF THE 2ND
Visalia Rawhide batting - Pitching for Lancaster Jethawks : LHP Andy Adkins
Batting: RHB Tex McNeill 0-0: Called Strike
0-1: Ball
1-1: Ball
2-1: Ground out 6-3 (Groundball, 6, EV 88.8 MPH)
Batting: LHB Shawn Moore 0-0: Ball
1-0: Ball
2-0: Ball
3-0: Base on Balls
Batting: RHB Mike Haydon 0-0: Foul Ball, location: 7LSF
0-1: Foul Ball, location: 9LDF
0-2: Ball
1-2: Ball
2-2: Ball
3-2: Strikes out swinging
Batting: LHB Jayden Wilcox 0-0: Foul Ball, location: 7LMF
0-1: Ball
1-1: Swinging Strike
1-2: Fly out, F9 (Flyball, 89S, EV 91.9 MPH)
Bottom of the 2nd over - 0 runs, 0 hits, 0 errors, 1 left on base; Lancaster 1 - Visalia 0
TOP OF THE 3RD
Lancaster Jethawks batting - Pitching for Visalia Rawhide : RHP Jon Brown
Batting: RHB António Alcarcallo 0-0: Hit by Pitch
Batting: RHB Chris Joyce 0-0: Called Strike
António Alcarcallo is caught stealing 2nd base 2-4
0-1: Swinging Strike
0-2: Strikes out swinging
Batting: RHB Pat Haynes 0-0: Swinging Strike
0-1: Swinging Strike
0-2: Ball
1-2: Foul Ball, location: 2F
1-2: SINGLE (Groundball, 6MD, EV 101.9 MPH)
Batting: LHB Monte Moore 0-0: Ground out 5-3 (Groundball, 5L, EV 85.0 MPH)
Top of the 3rd over - 0 runs, 1 hit, 0 errors, 1 left on base; Lancaster 1 - Visalia 0
BOTTOM OF THE 3RD
Visalia Rawhide batting - Pitching for Lancaster Jethawks : LHP Andy Adkins
Batting: LHB Mike Washington 0-0: Swinging Strike
0-1: Called Strike
0-2: Ball
1-2: Ground out 4-3 (Groundball, 4, EV 106.3 MPH)
Batting: RHB Tim Weber 0-0: Foul Ball, location: 3FF
0-1: Ball
1-1: Foul Ball, location: 2F
1-2: Ground out U3 (Groundball, 34S, EV 90.0 MPH)
Batting: RHB Toby Jones 0-0: Called Strike
0-1: Ball
1-1: Ball
2-1: Ball
3-1: Base on Balls
Batting: RHB Chris White 0-0: Ball
1-0: Swinging Strike
1-1: Fly out, F9 (Flyball, 9, EV 88.8 MPH)
Bottom of the 3rd over - 0 runs, 0 hits, 0 errors, 1 left on base; Lancaster 1 - Visalia 0
TOP OF THE 4TH
Lancaster Jethawks batting - Pitching for Visalia Rawhide : RHP Jon Brown
Batting: RHB Sergio Pérez 0-0: Ball
1-0: Ball
2-0: SINGLE (Flyball, 56D, EV 88.8 MPH)
Batting: RHB Jeremy Scott 0-0: Fly out, F9 (Flyball, 9, EV 80.0 MPH)
Batting: SHB Jesús Coronado 0-0: Called Strike
Sergio Pérez steals 2nd base
0-1: Ground out 6-3 (Groundball, 6, EV 84.4 MPH)
Sergio Pérez to third
Batting: LHB Quentin Jacobs 0-0: Ball
1-0: Foul Ball, location: 9LMF
1-1: Foul Ball, location: 5F
1-2: Ball
2-2: Strikes out swinging, 2-3 out at first.
Top of the 4th over - 0 runs, 1 hit, 0 errors, 1 left on base; Lancaster 1 - Visalia 0
BOTTOM OF THE 4TH
Visalia Rawhide batting - Pitching for Lancaster Jethawks : LHP Andy Adkins
Batting: RHB Mariano Pérez 0-0: Ball
1-0: Foul Ball, location: 2F
1-1: Called Strike
1-2: Ball
2-2: Strikes out swinging
Batting: RHB Tex McNeill 0-0: Called Strike
0-1: Ball
1-1: Called Strike
1-2: Strikes out swinging
Batting: LHB Shawn Moore 0-0: Called Strike
0-1: Called Strike
0-2: Ball
1-2: Foul Ball, location: 2F
1-2: Foul Ball, location: 7LSF
1-2: Strikes out swinging
Bottom of the 4th over - 0 runs, 0 hits, 0 errors, 0 left on base; Lancaster 1 - Visalia 0
TOP OF THE 5TH
Lancaster Jethawks batting - Pitching for Visalia Rawhide : RHP Jon Brown
Batting: SHB Jorge Sánchez 0-0: Foul Ball, location: 23F
0-1: Foul Ball, location: 2F
0-2: Foul Ball, location: 2F
0-2: Strikes out swinging
Batting: RHB António Alcarcallo 0-0: Ground out 2-3 (Groundball, 2R, EV 67.5 MPH)
Batting: RHB Chris Joyce 0-0: Ground out 4-3 (Groundball, 4M, EV 100.6 MPH)
Top of the 5th over - 0 runs, 0 hits, 0 errors, 0 left on base; Lancaster 1 - Visalia 0
BOTTOM OF THE 5TH
Visalia Rawhide batting - Pitching for Lancaster Jethawks : LHP Andy Adkins
Batting: RHB Mike Haydon 0-0: Called Strike
0-1: Foul Ball, location: 5FF
0-2: Ball
1-2: Strikes out swinging
Batting: LHB Jayden Wilcox 0-0: Ball
1-0: Foul Ball, location: 7LMF
1-1: Foul Ball, location: 5DF
1-2: Ball
2-2: Foul Ball, location: 2F
2-2: Ball
3-2: Foul Ball, location: 3FF
3-2: Fly out, F8 (Flyball, 78S, EV 95.6 MPH)
Batting: LHB Mike Washington 0-0: Ball
1-0: Ground out U3 (Groundball, 34, EV 79.4 MPH)
Bottom of the 5th over - 0 runs, 0 hits, 0 errors, 0 left on base; Lancaster 1 - Visalia 0
TOP OF THE 6TH
Lancaster Jethawks batting - Pitching for Visalia Rawhide : RHP Jon Brown
Batting: RHB Pat Haynes 0-0: Ball
1-0: Ball
2-0: Called Strike
2-1: Ball
3-1: TRIPLE (Flyball, 89XD, EV 93.8 MPH)
Batting: LHB Monte Moore 0-0: Ball
1-0: Called Strike
1-1: Foul Ball, location: 2F
1-2: Ball
2-2: Strikes out looking
Batting: RHB Sergio Pérez 0-0: Called Strike
0-1: Ball
1-1: Foul Ball, location: 2F
1-2: Strikes out swinging
Batting: RHB Jeremy Scott 0-0: Called Strike
0-1: Foul Ball, location: 23FF
0-2: Strikes out swinging
Top of the 6th over - 0 runs, 1 hit, 0 errors, 1 left on base; Lancaster 1 - Visalia 0
BOTTOM OF THE 6TH
Visalia Rawhide batting - Pitching for Lancaster Jethawks : LHP Andy Adkins
Pitching: RHP Dani Salazar
Batting: RHB Tim Weber 0-0: Ball
1-0: Foul Ball, location: 2F
1-1: Foul Ball, location: 5FF
1-2: Ball
2-2: SOLO HOME RUN (Flyball, 7LD, EV 91.9 MPH), Distance : 351 ft
Batting: RHB Toby Jones 0-0: Ball
1-0: Ball
2-0: Foul Ball, location: 23FF
2-1: Swinging Strike
2-2: Strikes out swinging
Batting: RHB Chris White 0-0: Ball
1-0: Ball
2-0: Swinging Strike
2-1: Foul Ball, location: 2F
2-2: Strikes out swinging
Batting: RHB Mariano Pérez 0-0: Ball
1-0: Ball
2-0: Foul Ball, location: 7LMF
2-1: Ball
3-1: Fly out, F8 (Flyball, 89S, EV 82.5 MPH)
Bottom of the 6th over - 1 run, 1 hit, 0 errors, 0 left on base; Lancaster 1 - Visalia 1
TOP OF THE 7TH
Lancaster Jethawks batting - Pitching for Visalia Rawhide : RHP Jon Brown
Batting: SHB Jesús Coronado 0-0: Ball
1-0: Ball
2-0: Fly out, F8 (Flyball, S6, EV 106.9 MPH)
Batting: LHB Quentin Jacobs 0-0: Called Strike
0-1: Called Strike
0-2: Foul Ball, location: 2RF
0-2: Ball
1-2: Ball
2-2: Strikes out swinging
Batting: SHB Jorge Sánchez 0-0: Called Strike
0-1: Ball
1-1: Swinging Strike
1-2: Foul Ball, location: 2F
1-2: Ball
2-2: Ground out U3 (Groundball, 34, EV 108.1 MPH)
Top of the 7th over - 0 runs, 0 hits, 0 errors, 0 left on base; Lancaster 1 - Visalia 1
BOTTOM OF THE 7TH
Visalia Rawhide batting - Pitching for Lancaster Jethawks : RHP Dani Salazar
Batting: RHB Tex McNeill 0-0: Foul Ball, location: 2LF
0-1: Ground out 5-3 (Groundball, 56, EV 100.6 MPH)
Batting: LHB Shawn Moore 0-0: Foul Ball, location: 2F
0-1: Foul Ball, location: 7LMF
0-2: SOLO HOME RUN (Flyball, 78XD, EV 104.4 MPH), Distance : 403 ft
Batting: RHB Mike Haydon 0-0: Called Strike
0-1: Ball
1-1: Swinging Strike
1-2: SINGLE (Groundball, 34D, EV 101.3 MPH)
Batting: LHB Jayden Wilcox 0-0: Foul Ball, location: 2F
0-1: Foul Ball, location: 9LSFF
0-2: Fielders Choice at 2nd, 5-4 (Groundball, 56, EV 102.5 MPH)
Batting: LHB Mike Washington 0-0: Ball
Jayden Wilcox steals 2nd base
1-0: Ball
2-0: Ball
3-0: Called Strike
3-1: Base on Balls
Batting: RHB Tim Weber 0-0: Ball
1-0: Foul Ball, location: 3SF
1-1: Foul Ball, location: 2F
1-2: Strikes out swinging
Bottom of the 7th over - 1 run, 2 hits, 0 errors, 2 left on base; Lancaster 1 - Visalia 2
TOP OF THE 8TH
Lancaster Jethawks batting - Pitching for Visalia Rawhide : RHP Jon Brown
Pinch Hitting: LHB Lou Garrett 0-0: Ball
1-0: Ball
2-0: Foul Ball, location: 2F
2-1: Fly out, F2 (Popup, 23F, EV 93.1 MPH)
Pinch Hitting: RHB Ben Robinson 0-0: Called Strike
0-1: Swinging Strike
0-2: Ball
1-2: Strikes out swinging
Batting: LHB Juan Silva 0-0: Ball
1-0: Ball
2-0: Called Strike
2-1: SINGLE (Line Drive, 6MD, EV 101.3 MPH)
Batting: LHB Monte Moore 0-0: Called Strike
0-1: Ball
1-1: Ball
2-1: Ball
3-1: Foul Ball, location: 3SF
3-2: Fly out, F7 (Flyball, 78M, EV 86.3 MPH)
Top of the 8th over - 0 runs, 1 hit, 0 errors, 1 left on base; Lancaster 1 - Visalia 2
BOTTOM OF THE 8TH
Visalia Rawhide batting - Pitching for Lancaster Jethawks : RHP Dani Salazar
Now at 2B: Jesús Martínez
Now in CF: Quentin Jacobs
Now in RF: Lou Garrett
Batting: RHB Toby Jones 0-0: SOLO HOME RUN (Flyball, 7LD, EV 90.6 MPH), Distance : 350 ft
Pitching: RHP José Ramírez
Batting: RHB Chris White 0-0: Foul Ball, location: 3FF
0-1: Hit by Pitch, AND HE CHARGES THE MOUND! The benches clear!
Pitching: RHP Rubén Colón
Pinch Runner at 1st Jim Unknown:
Batting: RHB Mariano Pérez 0-0: Foul Ball, location: 9LSF
0-1: Bunted foul
0-2: Foul Ball, location: 3FF
0-2: Foul Ball, location: 25F
0-2: Ball
1-2: Foul Ball, location: 2F
1-2: Ball
2-2: Ball
3-2: Base on Balls
Jim Unknown to second
Batting: RHB Tex McNeill 0-0: Swinging Strike
0-1: Fly out, F7 (Flyball, 7, EV 95.6 MPH)
Batting: LHB Shawn Moore 0-0: Ball
1-0: Fly out, F8 (Flyball, 8LD, EV 95.6 MPH)
Batting: RHB Mike Haydon 0-0: Called Strike
0-1: Ground out 1-3 (Groundball, 34S, EV 66.9 MPH)
Bottom of the 8th over - 1 run, 1 hit, 0 errors, 2 left on base; Lancaster 1 - Visalia 3
TOP OF THE 9TH
Lancaster Jethawks batting - Pitching for Visalia Rawhide : RHP Jon Brown
Pitching: LHP Tim Aylward
Now at 2B: Shawn Moore
Now at SS: Jim Unknown
Batting: RHB Sergio Pérez 0-0: Swinging Strike
0-1: SINGLE (Line Drive, 9S, EV 96.9 MPH)
Pinch Hitting: RHB Chris Galloway 0-0: Ball
1-0: Ball
2-0: Ground out 4-3 (Groundball, 34S, EV 106.3 MPH)
Sergio Pérez to second
Pinch Hitting: RHB Orlando Rodríguez 0-0: Called Strike
0-1: Foul Ball, location: 23FF
0-2: Foul Ball, location: 9LDF
0-2: Strikes out swinging
Pinch Hitting: RHB Adrián Ramírez 0-0: Fly out, F6 (Line Drive, 6M, EV 68.1 MPH)
Top of the 9th over - 0 runs, 1 hit, 0 errors, 1 left on base; Lancaster 1 - Visalia 3
Monday, May 6th , 2024 - OOTP Baseball 24.10 Build 82